AoeStats
← xlalox corona

Glade

503350054Analyzed
1v1 RM · 1mo ago on Aug 31, 2026· 47m 57s· 2 players
Game mode
Random Map
Map size
Tiny (2 player)
Population
200
Speed
Normal
Resources
Standard
Victory
Conquest
Starting age
Dark Age
Ending age
Imperial Age
RankedLock teamsTeams togetherTeam positionsShared explorationLock speedFull tech treeHidden civsTurbo modeCheats
Victory
Defeat
🇲🇽 Inca · Mexico
1698
+17
🇬🇧 Wu · United Kingdom
1724
-17
xlalox corona
6:05 Loom
8:48 Feudal Age
11:11 Champi Runner
15:50 Fletching
24:20 Castle Age
22:48 Double-Bit Axe
22:49 Horse Collar
25:26 Wheelbarrow
25:41 Bow Saw
26:14 Fortified Wall
26:26 Heavy Plow
27:00 Elite Skirmisher
29:32 Bodkin Arrow
30:40 Padded Archer Armor
31:52 Ballistics
32:40 Leather Archer Armor
32:51 Ballistics
37:17 Scale Mail Armor
39:54 Imperial Age
37:44 Hand Cart
37:47 Forging
38:35 Chain Mail Armor
38:32 Gold Mining
38:32 Stone Mining
38:07 Champi Warrior
38:48 Squires
38:37 Arson
39:29 Iron Casting
40:39 Gold Shaft Mining
40:09 Elite Champi Warrior
40:57 Bracer
42:14 Chemistry
42:18 Ring Archer Armor
42:51 Conscription
43:47 Blast Furnace
43:32 Plate Mail Armor
43:37 Siege Engineers
43:38 Town Watch
45:57 Town Patrol
47:20 Fabric Shields
BigLez99
11:00 Feudal Age
11:11 Loom
16:13 Castle Age
15:08 Fletching
16:00 Double-Bit Axe
16:44 Horse Collar
22:44 Bodkin Arrow
25:17 Wheelbarrow
30:07 Imperial Age
29:13 Red Cliffs Tactics
30:20 Bow Saw
30:27 Padded Archer Armor
31:07 Ballistics
30:57 Bracer
32:52 Chemistry
33:09 Scale Barding Armor
34:57 Chain Barding Armor
34:04 Light Cavalry
36:25 Bloodlines
38:31 Hussar
40:48 Forging
41:40 Hand Cart
43:37 Plate Barding Armor
45:15 Iron Casting
Connection lost

Rejoining the realm…

Still unreachable

The connection could not be restored.

Session expired

The server has moved on; the page needs a fresh start.